 Dungeon Crawl Stone Soup version 0.31-a0-795-g5eb97db20b (webtiles) character file.

Game seed: 862077883360311501

3298 DocEon the Thaumaturge (level 9, 0/45 HPs)
             Began as a Deep Elf Conjurer on Sept 18, 2023.
             Slain by a human
             ... wielding a +0 heavy hand axe
              (12 damage)
             ... in a bailey.
             The game lasted 00:09:27 (6936 turns).

DocEon the Thaumaturge (Deep Elf Conjurer)          Turns: 6936, Time: 00:09:28

Health: 0/45       AC:  3    Str:  4    XL:     9   Next: 70%
Magic:  0/27       EV: 12    Int: 28    God:
Gold:   297        SH:  0    Dex: 13    Spells: 11/32 levels left

rFire   . . .        h - +5 whip (venom)
rCold   . . .        (no shield)
rNeg    . . .        e - +0 robe {Will+}
rPois   +            (no helmet)
rElec   .            (no cloak)
rCorr   .            n - +0 pair of gloves {infuse}
SInv    .            (no boots)
Will    +....        (no amulet)
Stlth   ++           r - ring of wizardry
HPRegen 0.27/turn    s - ring of poison resistance
MPRegen 0.20/turn

%: wizardry (x1)
@: no status effects
A: no striking features
a: no special abilities


You were in a bailey.
You visited 1 branch of the dungeon, and saw 7 of its levels.
You also visited: Bailey.

You collected 297 gold pieces.

Inventory:

Hand Weapons
 h - a +5 whip of venom (weapon)
Missiles
 k - 3 atropa-tipped darts
Armour
 e - a +0 robe of willpower (worn)
 n - a +0 pair of gloves of infusion (worn)
Jewellery
 r - a ring of wizardry (left hand)
 s - a ring of poison resistance (right hand)
Wands
 a - a wand of roots (8)
Scrolls
 d - 3 scrolls of identify
 i - a scroll of teleportation
 j - a scroll of noise
 o - a scroll of amnesia
 q - a scroll of immolation
Potions
 c - 3 potions of curing
 f - 2 potions of resistance
 g - 3 potions of haste
 l - 2 potions of heal wounds {unknown}
 m - a potion of enlightenment {unknown}
 t - a potion of mutation {unknown}


   Skills:
 - Level 2.4 Dodging
 - Level 2.4 Stealth
 * Level 12.0 Spellcasting
 * Level 10.1 Conjurations
 - Level 4.0 Hexes
 - Level 4.0 Translocations
 - Level 4.0 Fire Magic


You had 11 spell levels left.
You knew the following spells:

 Your Spells              Type           Power      Damage    Failure   Level
a - Magic Dart            Conj           100%       1d8       1%          1
b - Searing Ray           Conj           100%       2d8       1%          2
c - Dazzling Flash        Conj/Hex       100%       N/A       1%          3
d - Fulminant Prism       Conj/Hex       27%        3d14      1%          4
e - Iskenderun's Mystic   Conj/Tloc      54%        2d12      1%          4
f - Fireball              Conj/Fire      27%        3d12      1%          5
g - Blink                 Tloc           78%        N/A       1%          2

Your spell library contained the following spells:

 Spells                   Type           Power      Damage    Failure   Level
 Lesser Beckoning         Tloc           78%        N/A       1%          2
 Momentum Strike          Conj/Tloc      100%       3d10      1%          2
 Cause Fear               Hex            19%        N/A       2%          4
 Dragon's Call            Summ           8%         N/A       100%        9


Dungeon Overview and Level Annotations

Branches:
Dungeon (7/15)             Temple (0/1) D:7          Bailey (1/1)

Altars:
Cheibriados
Fedhas
Gozag


Message History

Aiming: Searing Ray (safe; 1% risk of failure)
Press: ? - help, Shift-Dir - straight line, f - hobgoblin
Aim: a hobgoblin, wielding a +0 hand axe and wearing a +0 leather armour (83% to hit)
The searing ray hits the hobgoblin!
You kill the hobgoblin!
The searing ray hits the goblin!
You kill the goblin! (Press . to maintain the ray.)
You see here a bullfrog corpse.
You start resting.
A human opens the door.
It is wielding a +0 heavy hand axe.
Items here: )) [[ †.
Casting: Searing Ray (safe; 1% risk of failure)
Confirm with . or Enter, or press ? or * to list all spells.
Okay, then.
Aiming: Fastroot
Press: ? - help, Shift-Dir - straight line, f - human
Aim: a human, wielding a +0 heavy hand axe and wearing a +0 ring mail The roots erupt in riotous growth!
Roots grab the human.
The grasping roots constrict the human.
You hear a croak.
You hear a shout!
You hear a loud, deep croak!
A bullfrog comes into view.
The human struggles to escape constriction.
Casting: Searing Ray (safe; 1% risk of failure)
Confirm with . or Enter, or press ? or * to list all spells.
Aiming: Searing Ray (safe; 1% risk of failure)
Press: ? - help, Shift-Dir - straight line, f/p - human
Aim: a human, wielding a +0 heavy hand axe and wearing a +0 ring mail (lightly wounded, constricted by roots, 100% to hit)
The searing ray hits the human.
The human is lightly wounded. (Press . to maintain the ray.)
The grasping roots constrict the human.
The human escapes!
The searing ray hits the human!
The human is heavily wounded.
The human hits you with a +0 heavy hand axe.
* * * LOW HITPOINT WARNING * * *
The searing ray misses the human.
The human hits you with a +0 heavy hand axe!
You die...

##### #####
......
##...##......
#..∩@)F[)..#
#.)..p######
#.†∩..'~~~#
##...##~~~~
##### ~~~~'
~~~# ~## ##


You could see a human and a bullfrog.

Vanquished Creatures
  Pikel (D:6)
  Prince Ribbit (D:5)
  A wyvern (D:7)
  4 humans (Bailey)
  Duvessa (D:6)
  A black bear (D:5)
  4 ogres
  A centaur (D:6)
  4 lemures (D:6)
  A phantom (D:6)
  2 bullfrogs (Bailey)
  2 scorpions (D:4)
  Dowan (D:6)
  3 howler monkeys
  A vampire bat (D:3)
  2 hounds
  3 orc priests
  A gnoll bouda (D:5)
  3 sleepcaps
  3 iguanas
  5 orc wizards
  4 gnolls (D:5)
  13 adders
  An ufetubus (D:5)
  A worm (D:3)
  5 dart slugs
  3 fire bats (D:3)
  18 orcs
  2 spectral bats (D:3)
  8 ball pythons
  3 bat skeletons (D:3)
  7 endoplasms
  5 giant cockroaches
  8 goblins
  10 hobgoblins
  3 jackals (D:1)
  11 kobolds
  5 quokkas
  19 bats
  A bat simulacrum (D:3)
  A frilled lizard (D:3)
  2 rats
175 creatures vanquished.

Vanquished Creatures (others)
  3 fulminant prisms
3 creatures vanquished.

Grand Total: 178 creatures vanquished

Notes
Turn   | Place    | Note
-------+----------+-------------------------------------------
     0 | D:1      | DocEon the Deep Elf Conjurer began the quest for the Orb.
     0 | D:1      | Reached XP level 1. HP: 10/10 MP: 6/6
   161 | D:1      | Reached XP level 2. HP: 15/15 MP: 5/8
   362 | D:1      | Reached skill level 4 in Spellcasting
   444 | D:1      | Learned a level 2 spell: Searing Ray
   463 | D:1      | Found a faded altar of an unknown god.
   797 | D:2      | You fall into a shaft and drop 1 floor!
   826 | D:3      | Reached XP level 3. HP: 19/19 MP: 8/10
  1417 | D:2      | Reached skill level 5 in Spellcasting
  1417 | D:2      | Reached skill level 5 in Conjurations
  1578 | D:2      | Reached XP level 4. HP: 24/24 MP: 8/13
  2339 | D:3      | Reached skill level 6 in Spellcasting
  2339 | D:3      | Reached XP level 5. HP: 28/28 MP: 5/15
  2478 | D:3      | Found an opulent altar of Gozag.
  2843 | D:3      | Reached skill level 7 in Spellcasting
  2960 | D:3      | Reached XP level 6. HP: 32/32 MP: 16/18
  3018 | D:3      | Learned a level 3 spell: Dazzling Flash
  3023 | D:3      | Learned a level 4 spell: Fulminant Prism
  3028 | D:3      | Learned a level 4 spell: Iskenderun's Mystic Blast
  3491 | D:4      | Reached skill level 1 in Hexes
  3595 | D:4      | Reached skill level 1 in Translocations
  3793 | D:4      | Reached skill level 8 in Spellcasting
  3793 | D:4      | Reached XP level 7. HP: 36/36 MP: 6/20
  4402 | D:4      | Learned a level 5 spell: Fireball
  4432 | D:5      | Entered Level 5 of the Dungeon
  4504 | D:5      | Reached skill level 1 in Fire Magic
  4703 | D:5      | Noticed Prince Ribbit
  4707 | D:5      | Killed Prince Ribbit
  4708 | D:5      | Reached XP level 8. HP: 41/41 MP: 16/22
  4726 | D:5      | Reached skill level 9 in Spellcasting
  5239 | D:5      | Found a blossoming altar of Fedhas.
  5241 | D:5      | Found a snail-covered altar of Cheibriados.
  5617 | D:6      | Learned a level 2 spell: Blink
  6200 | D:6      | Noticed Pikel
  6206 | D:6      | Killed Pikel
  6207 | D:6      | Reached skill level 10 in Spellcasting
  6207 | D:6      | Reached XP level 9. HP: 45/45 MP: 5/25
  6394 | D:6      | Noticed Duvessa
  6396 | D:6      | Noticed Dowan
  6408 | D:6      | Killed Duvessa
  6411 | D:6      | Killed Dowan
  6653 | D:7      | Found a staircase to the Ecumenical Temple.
  6735 | D:7      | Reached skill level 11 in Spellcasting
  6760 | D:7      | Found a flagged portal.
  6801 | Bailey   | Entered a bailey
  6884 | Bailey   | Reached skill level 10 in Conjurations
  6912 | Bailey   | Reached skill level 12 in Spellcasting
  6936 | Bailey   | Slain by a human

Illustrated notes

Levels and vault maps discovered:
D:1:      minmay_arrival_jagged, layout_rooms, basic_ecumenical_altar
D:2:      layout_loops_corners
D:3:      layout_rooms, mainiacjoe_overflow_alcove_2, dreamdust_wishing_well,
          goddamned_bats
D:4:      layout_gridville
D:5:      layout_cave_pools, jmf_multi_god_temple, uniq_prince_ribbit1
D:6:      layout_gridville, uniq_duvessa, uniq_pikel
D:7:      layout_rooms, minmay_temple_entry_glass, enter_bailey_3,
          uniq_crazy_yiuf_cottage
Bailey:   bailey_axe_froggy_fort_hellmonk, bailey

Skill      XL: |  1  2  3  4  5  6  7  8  9 |
---------------+----------------------------+-----
Spellcasting   | 4 5 6 7 8 10 12 | 12.0
Conjurations   | 5 6 7 8 10 | 10.1
Hexes          | 1 3 4 |  4.0
Translocations | 1 2 4 |  4.0
Fire Magic     | 2 4 |  4.0
Dodging        | |  2.4
Stealth        | |  2.4

Action                     |  1- 3 |  4- 6 |  7- 9 || total
---------------------------+-------+-------+-------++-------
  Melee: Whip              |     1 |     6 |     6 ||    13
   Cast: Magic Dart        |    79 |   122 |    94 ||   295
         Searing Ray       |       |     8 |    27 ||    35
         Iskenderun's Myst |       |     2 |    21 ||    23
         Fulminant Prism   |       |       |     3 ||     3
         Fireball          |       |       |     2 ||     2
  Evoke: Wand              |       |       |     5 ||     5
    Use: Scroll            |       |    12 |     1 ||    13
         Potion            |       |       |     2 ||     2
 Armour: Robe              |     5 |    26 |    45 ||    76
  Dodge: Dodged            |    10 |    53 |    33 ||    96

Table legend: (Time is in decaauts)
 A = Elapsed time spent in this place.
 B = Non-inter-level travel time spent in this place.
 C = Inter-level travel time spent in this place.
 D = Time resting spent in this place.
 E = Time spent auto-exploring this place.
 F = Levels seen in this place.
 G = Mean time per level.
                   A        B        C        D        E       F      G
               +--------+--------+--------+--------+--------+-----+--------+
         Total |   6937 |   6698 |    239 |   1540 |   4240 |   8 |  867.1 |
       Dungeon |   6802 |   6563 |    239 |   1508 |   4196 |   7 |  971.7 |
        Bailey |    134 |    134 |      0 |     32 |     44 |   1 |  134.0 |
               +--------+--------+--------+--------+--------+-----+--------+

Top non-repeatable levels by time:
     D:4: 1424 daAuts
     D:2: 1294 daAuts
     D:3: 1282 daAuts
     D:6: 1173 daAuts
     D:1: 764 daAuts
     D:5: 710 daAuts
     D:7: 152 daAuts
  Bailey: 134 daAuts
